BSA
NASSAU ROCKETS @ HOUSTON MARSHALS
09/30/2028
 
TOP OF THE 1ST
Nassau Rockets batting - Pitching for Houston Marshals : LHP Stanley Inman
Pitching: LHP Stanley Inman
Batting: LHB Don Ramey 0-0: Ground out 6-3 (Groundball, 6)
Batting: RHB Salvador Borbón 0-0: Ball
1-0: Called Strike
1-1: Ball
2-1: Called Strike
2-2: Strikes out swinging
Batting: LHB Wilson Allen 0-0: Fly out, F5 (Popup, 5L)
Top of the 1st over - 0 run(s), 0 hit(s), 0 error(s), 0 left on base; Nassau 0 - Houston 0
BOTTOM OF THE 1ST
Houston Marshals batting - Pitching for Nassau Rockets : LHP Joaquín Gonzáles
Pitching: LHP Joaquín Gonzáles
Batting: RHB Alberto Velásquez 0-0: Called Strike
0-1: Foul Ball, location: 2F
0-2: Ball
1-2: Ball
2-2: Ball
3-2: Strikes out swinging
Batting: LHB Matt Smith 0-0: Ball
1-0: Ball
2-0: Ball
3-0: Called Strike
3-1: Called Strike
3-2: SINGLE (Flyball, 78S)
Batting: LHB José Rodríguez 0-0: SINGLE (Flyball, 5D)
Matt Smith to second
Batting: LHB Lewis Barr 0-0: Ball
1-0: Foul Ball, location: 2F
1-1: Called Strike
1-2: Foul Ball, location: 2F
1-2: 3-RUN HOME RUN (Flyball, 89XD), Distance : 388 ft
Batting: LHB John Peterson 0-0: Ball
1-0: Ball
2-0: Swinging Strike
2-1: Foul Ball, location: 2F
2-2: Strikes out swinging
Batting: SHB Álex Rosado 0-0: Ball
1-0: Called Strike
1-1: Ball
2-1: Ball
3-1: Foul Ball, location: 2F
3-2: Foul Ball, location: 2F
3-2: Foul Ball, location: 2F
3-2: SINGLE (Groundball, 6MD)
Batting: RHB Javier Rentería 0-0: Ground out 5-3 (Groundball, 56S)
Bottom of the 1st over - 3 run(s), 4 hit(s), 0 error(s), 1 left on base; Nassau 0 - Houston 3
TOP OF THE 2ND
Nassau Rockets batting - Pitching for Houston Marshals : LHP Stanley Inman
Batting: LHB Andrew Alvarado 0-0: Ball
1-0: Ball
2-0: Called Strike
2-1: Ball
3-1: Base on Balls
Batting: RHB Bill Little 0-0: Called Strike
0-1: Called Strike
0-2: Foul Ball, location: 2F
0-2: Ball
1-2: Ball
2-2: Ground out 5-3 (Groundball, 56S)
Andrew Alvarado to second
Batting: LHB Gene Cooper 0-0: Ball
1-0: Called Strike
1-1: Ball
2-1: Ball
3-1: Fly out, F7 (Flyball, 7LDF)
Runner from 2nd tags up, SAFE at 3rd, no throw
Batting: RHB Kenji Kudo 0-0: Ball
1-0: Ball
2-0: Called Strike
2-1: Foul Ball, location: 2F
2-2: Strikes out swinging
Top of the 2nd over - 0 run(s), 0 hit(s), 0 error(s), 1 left on base; Nassau 0 - Houston 3
BOTTOM OF THE 2ND
Houston Marshals batting - Pitching for Nassau Rockets : LHP Joaquín Gonzáles
Batting: RHB Gregg Nelson 0-0: Ball
1-0: Ball
2-0: Ball
3-0: Called Strike
3-1: Base on Balls
Batting: RHB Gustavo Díaz 0-0: Swinging Strike
0-1: Called Strike
0-2: Ground out U3 (Groundball, 3S)
Gregg Nelson to second
Batting: RHB Alberto Velásquez 0-0: DOUBLE (Line Drive, 9LS)
Gregg Nelson scores
Batting: LHB Matt Smith 0-0: Ball
1-0: Foul Ball, location: 2F
1-1: Foul Ball, location: 2F
1-2: Fly out, F8 (Flyball, 8LS)
Batting: LHB José Rodríguez 0-0: Ball
1-0: Ball
2-0: Ball
3-0: Called Strike
3-1: 2-RUN HOME RUN (Flyball, 9D), Distance : 364 ft
Batting: LHB Lewis Barr 0-0: Ball
1-0: Ball
2-0: Ball
3-0: Called Strike
3-1: Base on Balls
Pitching: RHP Armando Avilés
Batting: LHB John Peterson 0-0: Ball
1-0: Foul Ball, location: 2F
1-1: Foul Ball, location: 2F
1-2: Ball
2-2: Ball
3-2: Reached on error, E4 (Groundball, 4)
Lewis Barr to second
Batting: SHB Álex Rosado 0-0: Foul Ball, location: 2F
0-1: Called Strike
0-2: Foul Ball, location: 2F
0-2: Ball
1-2: DOUBLE (Line Drive, 9LM)
Lewis Barr scores
John Peterson to third
Batting: RHB Javier Rentería 0-0: Swinging Strike
0-1: Ground out 6-3 (Groundball, 56)
Bottom of the 2nd over - 4 run(s), 3 hit(s), 1 error(s), 2 left on base; Nassau 0 - Houston 7
TOP OF THE 3RD
Nassau Rockets batting - Pitching for Houston Marshals : LHP Stanley Inman
Batting: RHB Jesús Villalobos 0-0: Ball
1-0: Ball
2-0: SINGLE (Flyball, 56D)
Batting: RHB Brant Sherman 0-0: Ball
1-0: Foul Ball, location: 2F
Error on foul ball, E7
1-2: Foul Ball, location: 2F
1-2: Foul Ball, location: 2F
1-2: Ground out U3 (Groundball, 34S)
Jesús Villalobos to second
Batting: LHB Don Ramey 0-0: Called Strike
0-1: Fly out, F5 (Line Drive, 5S)
Batting: RHB Salvador Borbón 0-0: Ball
1-0: Ball
2-0: Called Strike
2-1: Foul Ball, location: 2F
2-2: SINGLE (Groundball, 34D)
Jesús Villalobos to third
Runner from 3rd tries for Home, SAFE, no throw
Batting: LHB Wilson Allen 0-0: Ball
1-0: Foul Ball, location: 2F
1-1: Called Strike
1-2: Strikes out swinging
Top of the 3rd over - 1 run(s), 2 hit(s), 1 error(s), 1 left on base; Nassau 1 - Houston 7
BOTTOM OF THE 3RD
Houston Marshals batting - Pitching for Nassau Rockets : RHP Armando Avilés
Batting: RHB Gregg Nelson 0-0: Ball
1-0: Called Strike
1-1: Ball
2-1: Called Strike
2-2: Foul Ball, location: 2F
2-2: Foul Ball, location: 2F
2-2: Fly out, F9 (Flyball, 9)
Batting: RHB Gustavo Díaz 0-0: Ball
1-0: Ground out 5-3 (Groundball, 5)
Batting: RHB Alberto Velásquez 0-0: Swinging Strike
0-1: Foul Ball, location: 2F
0-2: Ball
1-2: Foul Ball, location: 2F
1-2: Ball
2-2: SINGLE (Groundball, 34S) (infield hit)
Batting: LHB Matt Smith 0-0: Swinging Strike
0-1: Swinging Strike
0-2: Foul Ball, location: 2F
0-2: Strikes out swinging
Bottom of the 3rd over - 0 run(s), 1 hit(s), 0 error(s), 1 left on base; Nassau 1 - Houston 7
TOP OF THE 4TH
Nassau Rockets batting - Pitching for Houston Marshals : LHP Stanley Inman
Batting: LHB Andrew Alvarado 0-0: Called Strike
0-1: Fly out, F7 (Line Drive, 78M)
Batting: RHB Bill Little 0-0: Fly out, F8 (Flyball, 8LM)
Batting: LHB Gene Cooper 0-0: Foul Ball, location: 2F
0-1: SINGLE (Groundball, 4D)
Batting: RHB Kenji Kudo 0-0: Ball
1-0: Ball
2-0: Foul Ball, location: 2F
2-1: Called Strike
2-2: Ball
3-2: Base on Balls
Gene Cooper to second
Pitching: RHP Enrique Valdés
Batting: RHB Jesús Villalobos 0-0: Ball
1-0: Ground out 1-3 (Groundball, P)
Top of the 4th over - 0 run(s), 1 hit(s), 0 error(s), 2 left on base; Nassau 1 - Houston 7
BOTTOM OF THE 4TH
Houston Marshals batting - Pitching for Nassau Rockets : RHP Armando Avilés
Batting: LHB José Rodríguez 0-0: Called Strike
0-1: Foul Ball, location: 2F
0-2: Fly out, F7 (Line Drive, 7)
Batting: LHB Lewis Barr 0-0: Ball
1-0: Ball
2-0: Fly out, F9 (Flyball, 9D)
Batting: LHB John Peterson 0-0: SINGLE (Line Drive, 34)
Batting: SHB Álex Rosado 0-0: Foul Ball, location: 2F
0-1: Foul Ball, location: 2F
0-2: Strikes out swinging
Bottom of the 4th over - 0 run(s), 1 hit(s), 0 error(s), 1 left on base; Nassau 1 - Houston 7
TOP OF THE 5TH
Nassau Rockets batting - Pitching for Houston Marshals : RHP Enrique Valdés
Batting: RHB Brant Sherman 0-0: Ball
1-0: Fly out, F9 (Flyball, 9LD)
Batting: LHB Don Ramey 0-0: Called Strike
0-1: Fly out, F7 (Flyball, 78S)
Batting: RHB Salvador Borbón 0-0: Ball
1-0: Ball
2-0: Called Strike
2-1: Ball
3-1: Base on Balls
Batting: LHB Wilson Allen 0-0: Called Strike
0-1: Ball
1-1: SINGLE (Flyball, 8LS)
Salvador Borbón to second
Runner from 2nd tries for 3rd, SAFE, throw made to third
Batting: LHB Andrew Alvarado 0-0: Ball
1-0: Ball
2-0: Called Strike
2-1: Ball
3-1: Base on Balls
Wilson Allen to second
Batting: RHB Bill Little 0-0: Ball
1-0: Called Strike
1-1: Called Strike
1-2: Foul Ball, location: 2F
1-2: Fly out, F9 (Flyball, 9)
Top of the 5th over - 0 run(s), 1 hit(s), 0 error(s), 3 left on base; Nassau 1 - Houston 7
BOTTOM OF THE 5TH
Houston Marshals batting - Pitching for Nassau Rockets : RHP Armando Avilés
Batting: RHB Javier Rentería 0-0: Called Strike
0-1: Swinging Strike
0-2: Ball
1-2: Ball
2-2: Ball
3-2: Base on Balls
Batting: RHB Gregg Nelson 0-0: Ball
1-0: Ball
2-0: Called Strike
2-1: Foul Ball, location: 2F
2-2: Foul Ball, location: 2F
2-2: Foul Ball, location: 2F
2-2: Ground out 5-3 (Groundball, 56S)
Javier Rentería to second
Batting: RHB Gustavo Díaz 0-0: Ball
1-0: Called Strike
1-1: Swinging Strike
1-2: Foul Ball, location: 2F
1-2: Strikes out looking
Batting: RHB Alberto Velásquez 0-0: Called Strike
0-1: Swinging Strike
0-2: Foul Ball, location: 2F
0-2: Foul Ball, location: 2F
0-2: Strikes out looking
Bottom of the 5th over - 0 run(s), 0 hit(s), 0 error(s), 1 left on base; Nassau 1 - Houston 7
TOP OF THE 6TH
Nassau Rockets batting - Pitching for Houston Marshals : RHP Enrique Valdés
Batting: LHB Gene Cooper 0-0: Ball
1-0: Swinging Strike
1-1: Ball
2-1: Swinging Strike
2-2: Strikes out looking
Batting: RHB Kenji Kudo 0-0: Swinging Strike
0-1: Foul Ball, location: 2F
0-2: SOLO HOME RUN (Flyball, 7D), Distance : 380 ft
Batting: RHB Jesús Villalobos 0-0: Foul Ball, location: 2F
0-1: Ball
1-1: Swinging Strike
1-2: Foul Ball, location: 2F
1-2: DOUBLE (Flyball, 78M)
Pitching: RHP Álex Rodríguez
Batting: RHB Brant Sherman 0-0: Ball
1-0: Called Strike
1-1: Ground out 5-3 (Groundball, 56S)
Jesús Villalobos to third
Batting: LHB Don Ramey 0-0: Called Strike
0-1: Ball
1-1: Foul Ball, location: 2F
1-2: Ground out 5-3 (Groundball, 56)
Top of the 6th over - 1 run(s), 2 hit(s), 0 error(s), 1 left on base; Nassau 2 - Houston 7
BOTTOM OF THE 6TH
Houston Marshals batting - Pitching for Nassau Rockets : RHP Armando Avilés
Batting: LHB Matt Smith 0-0: Swinging Strike
0-1: Ball
1-1: Foul Ball, location: 2F
1-2: Ball
2-2: Strikes out swinging
Batting: LHB José Rodríguez 0-0: Foul Ball, location: 2F
0-1: Ball
1-1: Swinging Strike
1-2: Ball
2-2: Ball
3-2: Base on Balls
Batting: LHB Lewis Barr 0-0: Called Strike
0-1: Ball
1-1: Called Strike
1-2: Foul Ball, location: 2F
1-2: Fly out, F7 (Flyball, 7LS)
Batting: LHB John Peterson 0-0: Ball
1-0: SINGLE (Groundball, 3) (infield hit)
José Rodríguez to second
Batting: SHB Álex Rosado 0-0: Ball
1-0: Foul Ball, location: 2F
1-1: Swinging Strike
1-2: Ball
2-2: Foul Ball, location: 2F
2-2: Ball
3-2: Foul Ball, location: 2F
3-2: SINGLE (Groundball, 56D)
José Rodríguez to third
John Peterson to second
José Rodríguez scores
John Peterson to third
Batting: RHB Javier Rentería 0-0: SINGLE (Groundball, 6MD)
John Peterson scores
Álex Rosado to second
Batting: RHB Gregg Nelson 0-0: Ball
1-0: Swinging Strike
1-1: Foul Ball, location: 2F
1-2: Foul Ball, location: 2F
1-2: Fly out, F8 (Flyball, 78D)
Bottom of the 6th over - 2 run(s), 3 hit(s), 0 error(s), 2 left on base; Nassau 2 - Houston 9
TOP OF THE 7TH
Nassau Rockets batting - Pitching for Houston Marshals : RHP Álex Rodríguez
Batting: RHB Salvador Borbón 0-0: Fly out, F9 (Flyball, 89D)
Batting: LHB Wilson Allen 0-0: Ground out 4-3 (Groundball, 4)
Batting: LHB Andrew Alvarado 0-0: Foul Ball, location: 2F
0-1: Ball
1-1: Called Strike
1-2: Fly out, F6 (Popup, 56D)
Top of the 7th over - 0 run(s), 0 hit(s), 0 error(s), 0 left on base; Nassau 2 - Houston 9
BOTTOM OF THE 7TH
Houston Marshals batting - Pitching for Nassau Rockets : RHP Armando Avilés
Pitching: RHP Fernando Castillo
Batting: RHB Gustavo Díaz 0-0: Foul Ball, location: 2F
0-1: Ball
1-1: Foul Ball, location: 2F
1-2: Ball
2-2: Ball
3-2: SINGLE (Flyball, 89S)
Batting: RHB Alberto Velásquez 0-0: Called Strike
0-1: Fly out, F2 (Popup, 5S)
Batting: LHB Matt Smith 0-0: Ball
1-0: Foul Ball, location: 2F
1-1: Ball
2-1: Swinging Strike
2-2: Strikes out looking
Batting: LHB José Rodríguez 0-0: Ball
1-0: 2-RUN HOME RUN (Flyball, 8LXD), Distance : 421 ft
Batting: LHB Lewis Barr 0-0: Ball
1-0: Swinging Strike
1-1: Hit by Pitch
Batting: LHB John Peterson 0-0: Ball
1-0: Foul Ball, location: 2F
1-1: Foul Ball, location: 2F
1-2: Ball
2-2: Ball
3-2: Base on Balls
Lewis Barr to second
Batting: SHB Álex Rosado 0-0: Swinging Strike
0-1: Swinging Strike
0-2: Foul Ball, location: 2F
0-2: Foul Ball, location: 2F
0-2: Strikes out swinging
Bottom of the 7th over - 2 run(s), 2 hit(s), 0 error(s), 2 left on base; Nassau 2 - Houston 11
TOP OF THE 8TH
Nassau Rockets batting - Pitching for Houston Marshals : RHP Álex Rodríguez
Batting: RHB Bill Little 0-0: Ground out 4-3 (Groundball, 4)
Batting: LHB Gene Cooper 0-0: Ball
1-0: Ball
2-0: SOLO HOME RUN (Flyball, 9LD), Distance : 364 ft
Batting: RHB Kenji Kudo 0-0: Ground out 6-3 (Groundball, 6)
Batting: RHB Jesús Villalobos 0-0: Called Strike
0-1: Foul Ball, location: 2F
0-2: Ball
1-2: Strikes out looking
Top of the 8th over - 1 run(s), 1 hit(s), 0 error(s), 0 left on base; Nassau 3 - Houston 11
BOTTOM OF THE 8TH
Houston Marshals batting - Pitching for Nassau Rockets : RHP Fernando Castillo
Batting: RHB Javier Rentería 0-0: Fly out, F8 (Flyball, 78M)
Batting: RHB Gregg Nelson 0-0: Called Strike
0-1: Ground out 6-3 (Groundball, 6)
Batting: RHB Gustavo Díaz 0-0: Ball
1-0: Ball
2-0: Fly out, F5 (Line Drive, 56)
Bottom of the 8th over - 0 run(s), 0 hit(s), 0 error(s), 0 left on base; Nassau 3 - Houston 11
TOP OF THE 9TH
Nassau Rockets batting - Pitching for Houston Marshals : RHP Álex Rodríguez
Batting: RHB Brant Sherman 0-0: Ball
1-0: Ball
2-0: Called Strike
2-1: Ball
3-1: Foul Ball, location: 2F
3-2: Strikes out looking
Batting: LHB Don Ramey 0-0: Ball
1-0: Ball
2-0: Ball
3-0: Base on Balls
Batting: RHB Salvador Borbón 0-0: Ball
1-0: Called Strike
1-1: Ball
2-1: Swinging Strike
2-2: Ball
3-2: Foul Ball, location: 2F
3-2: Base on Balls
Don Ramey to second
Batting: LHB Wilson Allen 0-0: Ball
1-0: Swinging Strike
1-1: Ball
2-1: Ball
3-1: Called Strike
3-2: Fly out, F6 (Popup, 4MD)
Batting: LHB Andrew Alvarado 0-0: Fielders Choice at 2nd, 4-6 (Groundball, 4)
Top of the 9th over - 0 run(s), 0 hit(s), 0 error(s), 1 left on base; Nassau 3 - Houston 11
Tuesday, August 8th, 2017 - OOTP Baseball 17.12 Build 75